 Dungeon Crawl Stone Soup version 0.28-a0-726-g4a9143789a (webtiles) character file.

Game seed: 2345871169817043612

42 kae the Chopper (level 3, 0/33 HPs)
             Began as a Hill Orc Cinder Acolyte on Oct 27, 2021.
             Was a High Priest of Ignis.
             Slain by Robin (3 damage)
             ... on level 2 of the Dungeon.
             The game lasted 00:00:38 (1427 turns).

kae the Chopper (Hill Orc Cinder Acolyte)           Turns: 1427, Time: 00:00:39

Health: 0/33       AC:  2    Str: 16    XL:     3   Next: 54%
Magic:  5/5        EV: 11    Int: 15    God:    Ignis [*****.]
Gold:   9          SH:  0    Dex:  6    Spells: 2/4 levels left

rFire   + . .      SeeInvis .   a - -1 hand axe (flame)
rCold   . . .      Faith    .   (no shield)
rNeg    . . .      Spirit   .   b - +0 robe
rPois   .          Reflect  .   (no helmet)
rElec   .          Harm     .   (no cloak)
rCorr   .          Rampage  .   (no gloves)
Will    .....                   (no boots)
Stlth   +.........              (no amulet)
HPRegen 0.11/turn               (no ring)
MPRegen 0.09/turn               (no ring)

@: no status effects
A: wild magic 1, evolution 1, no potion heal 1
a: Renounce Religion, Sea of Fire, Foxfire Swarm, Rising Flame


You were on level 2 of the Dungeon.
You worshipped Ignis.
Ignis was extremely pleased with you.
You visited 1 branch of the dungeon, and saw 2 of its levels.

You collected 9 gold pieces.

Inventory:

Hand Weapons
 a - a -1 hand axe of flaming (weapon)
Armour
 b - a +0 robe (worn)
Potions
 f - a potion of degeneration {unknown}


   Skills:
 + Level 4.0 Fighting
 * Level 4.8 Axes
 + Level 1.3 Spellcasting
 + Level 3.6 Fire Magic


You had 2 spell levels left.
You knew the following spells:

 Your Spells              Type           Power      Damage    Failure   Level
a - Scorch                Fire           30%        2d7       12%         2

Your spell library contained the following spells:

 Spells                   Type           Power      Damage    Failure   Level


Dungeon Overview and Level Annotations

Branches:
Dungeon (2/15)

Altars:

Annotations:
D:2 Robin


Innate Abilities, Weirdness & Mutations

Your spells are a little harder to cast, but a little more powerful.
You have hidden genetic potential.
Potions are less effective at restoring your health.


Message History

You hit the goblin. You burn the goblin.
The goblin is severely wounded.
You hit the goblin. You burn the goblin.
You kill the goblin!
The goblin closely misses you.
You closely miss the goblin.
The goblin is severely wounded.
You hit the hobgoblin but do no damage. The goblin hits you with a +0 dagger.
The hobgoblin hits you!
You closely miss the goblin.
The goblin is severely wounded.
You hit the hobgoblin. You burn the hobgoblin.
You kill the hobgoblin!
The goblin hits you with a +0 dagger.
You barely miss the goblin.
The goblin is severely wounded.
You barely miss the goblin. The goblin hits you with a +0 dagger.
Robin says, "Feeling lonely?"
Robin barely misses you. The goblin hits you with a +0 dagger.
You barely miss the goblin.
The goblin is severely wounded.
You hit the goblin. You burn the goblin.
You kill the goblin!
The goblin barely misses you.
Okay, then.
You aren't carrying any scrolls.
Really quaff the potion of mutation?
You feel extremely strange.
You feel less in control of your magic.
You feel a hidden potential growing inside you.
Your system partially rejects the healing effects of potions.
The hobgoblin hits you.
* * * LOW HITPOINT WARNING * * *
The goblin hits you with a +0 dagger.
* * * LOW HITPOINT WARNING * * *
Okay, then.
It was a potion of magic.
Magic courses through your body. The hobgoblin closely misses you.
The goblin closely misses you.
Robin hits you from afar with a +0 spear.
You die...

#.# #.#
#.# #.# #
#.#.#
#<#.###.#
#........
#g#.###.#
#@#.# #g#
#


ggg ##.## #.# #.# #.# #.# You could see Robin, 2 hobgoblins and 2 goblins.

Vanquished Creatures
  3 dart slugs (D:1)
  An endoplasm (D:1)
  A giant cockroach (D:1)
  10 goblins
  4 hobgoblins
  A quokka (D:1)
  3 ball pythons (D:1)
  3 bats (D:1)
  A frilled lizard (D:1)
  3 kobolds (D:1)
  A rat (D:1)
31 creatures vanquished.

Notes
Turn   | Place    | Note
-------+----------+-------------------------------------------
     0 | D:1      | kae the Hill Orc Cinder Acolyte began the quest for the
                  | Orb.
     0 | D:1      | Reached XP level 1. HP: 19/19 MP: 2/2
   351 | D:1      | Reached XP level 2. HP: 21/27 MP: 3/3
   357 | D:1      | Learned a level 2 spell: Scorch
   576 | D:1      | Found a faded altar of an unknown god.
   950 | D:1      | Reached XP level 3. HP: 33/33 MP: 4/4
  1416 | D:2      | Noticed Robin
  1426 | D:2      | Gained mutation: Your spells are a little harder to cast,
                  | but a little more powerful. [potion of mutation]
  1426 | D:2      | Gained mutation: You have hidden genetic potential. [potion
                  | of mutation]
  1426 | D:2      | Gained mutation: Potions are less effective at restoring
                  | your health. [potion of mutation]
  1427 | D:2      | Slain by Robin

Illustrated notes

Levels and vault maps discovered:
D:1:      scummos_arrival_forest, layout_loops_corners,
          chequers_ecumenical_altar_grove
D:2:      layout_basic, uniq_sigmund, uniq_robin

Skill      XL: |  1  2  3 |
---------------+----------+-----
Fighting       | 4 |  4.0
Axes           | |  4.8
Spellcasting   | |  1.3
Fire Magic     | |  3.6

Action                   || total
-------------------------++-------
Melee: Hand axe          ||   102
  Use: Potion            ||     2
       Scroll            ||     1
Armor: Robe              ||    23
Dodge: Dodged            ||    74

Table legend: (Time is in decaauts)
 A = Elapsed time spent in this place.
 B = Non-inter-level travel time spent in this place.
 C = Inter-level travel time spent in this place.
 D = Time resting spent in this place.
 E = Time spent auto-exploring this place.
 F = Levels seen in this place.
 G = Mean time per level.
                   A        B        C        D        E       F      G
               +--------+--------+--------+--------+--------+-----+--------+
         Total |   1434 |   1417 |     17 |     48 |   1159 |   2 |  717.0 |
       Dungeon |   1434 |   1417 |     17 |     48 |   1159 |   2 |  717.0 |
               +--------+--------+--------+--------+--------+-----+--------+

Top non-repeatable levels by time:
     D:1: 1420 daAuts
     D:2: 14 daAuts
